 Dungeon Crawl Stone Soup version 0.30-a0-737-gf23d94013f (webtiles) character file.

Game seed: 1573092909328145697

8 retardedninja the Covered (level 2, 0/19 HPs)
             Began as a Gargoyle Fighter on Feb 1, 2023.
             Frozen to death by an endoplasm (5 damage)
             ... on level 1 of the Dungeon.
             The game lasted 00:00:10 (147 turns).

retardedninja the Covered (Gargoyle Fighter)         Turns: 147, Time: 00:00:11

Health: 0/19       AC:  9    Str: 19    XL:     2   Next: 8%
Magic:  2/2        EV:  9    Int:  8    God:
Gold:   17         SH:  4    Dex:  9    Spells: 1/1 levels left

rFire   . . .      SeeInvis .    a - +0 flail
rCold   . . .      Faith    .    c - +0 buckler
rNeg    + . .      Spirit   .    b - +0 scale mail
rPois   ∞          Reflect  .    (no helmet)
rElec   +          Harm     .    (no cloak)
rCorr   .          Rampage  .    (no gloves)
Will    .....                    (no boots) Stlth
                                 (no amulet)
HPRegen 0.23/turn                (no ring)
MPRegen 0.08/turn                (no ring)

@: no status effects
A: sickness immunity, AC +2, negative energy resistance 1, electricity
resistance, torment resistance 1, petrification resistance
a: no special abilities


You were on level 1 of the Dungeon.
You visited 1 branch of the dungeon, and saw 1 of its levels.

You collected 17 gold pieces.

Inventory:

Hand Weapons
 a - a +0 flail (weapon)
Armour
 b - a +0 scale mail (worn)
 c - a +0 buckler (worn)
Potions
 d - a potion of might


   Skills:
 + Level 3.4 Fighting
 + Level 2.2 Maces & Flails
 + Level 3.4 Armour
 + Level 3.4 Shields


You had one spell level left.
You didn't know any spells.
Your spell library was empty.

Dungeon Overview and Level Annotations

Branches:
Dungeon (1/15)

Altars:


Innate Abilities, Weirdness & Mutations

You are immune to sickness and miasma.
Your stone body is resilient. (AC +2)
You are immune to poison.
You resist negative energy. (rN+)
You are resistant to electric shocks. (rElec)
You are resistant to unholy torment.
You are immune to petrification.


Message History

An endoplasm comes into view.
You block the goblin's attack. The goblin hits you with a +0 club.
You closely miss the goblin.
The endoplasm quivers.
The goblin hits you but does no damage. The goblin hits you with a +0 club.
You hit the goblin.
The goblin is severely wounded.
You block the goblin's attack. The goblin hits you but does no damage.
You hit the goblin but do no damage.
The goblin is severely wounded.
The goblin hits you but does no damage. x2; The goblin misses you.
The goblin barely misses you.
You barely miss the goblin.
The goblin is severely wounded.
The goblin hits you but does no damage. The goblin closely misses you.
You closely miss the goblin.
The goblin is severely wounded.
The goblin barely misses you.
The goblin hits you but does no damage. x2
The goblin barely misses you.
You closely miss the goblin.
The goblin is severely wounded.
The goblin hits you but does no damage. The goblin hits you with a +0 club.
* * * LOW HITPOINT WARNING * * *
You barely miss the goblin.
The goblin is severely wounded.
The goblin hits you but does no damage. The goblin closely misses you.
You barely miss the goblin.
The goblin is severely wounded.
The goblin hits you but does no damage. The goblin barely misses you.
The goblin hits you but does no damage. The goblin barely misses you.
You hit the goblin.
You kill the goblin!
The goblin hits you but does no damage.
You have reached level 2!
You thump the goblin!
You kill the goblin!
You hit the endoplasm but do no damage. You block the endoplasm's attack.
The endoplasm freezes you.
You are frozen.
You die...

.....# #.# ..⌠..# #.#
.....# #.# <....+.#####.#
.....#.......####
..⌠..#.##.#.....#########
.....#.......#..........##
.....####.####..###.......
+#####....# #..@).†# .#
##.### #.#J#..# #######.#
#.#..#.# ........#
#.#...... #########
#.#.#..... #.#.#..#....
#.#.##.#.... #.#.# .#....


You could see an endoplasm.

Vanquished Creatures
  An endoplasm (D:1)
  3 goblins (D:1)
  A quokka (D:1)
  A ball python (D:1)
  2 frilled lizards (D:1)
8 creatures vanquished.

Notes
Turn   | Place    | Note
-------+----------+-------------------------------------------
     0 | D:1      | retardedninja the Gargoyle Fighter began the quest for the
                  | Orb.
     0 | D:1      | Reached XP level 1. HP: 14/14 MP: 1/1
   146 | D:1      | Reached XP level 2. HP: 5/19 MP: 2/2
   147 | D:1      | Frozen to death by an endoplasm

Illustrated notes

Levels and vault maps discovered:
D:1:      mushboom_english_gardens, layout_basic,
          hellmonk_ecumenical_altar_lost_god

Action                     || total
---------------------------++-------
  Melee: Flail             ||    26
 Armour: Scale mail        ||    22
  Dodge: Dodged            ||    18
  Block: Buckler           ||     7

Table legend: (Time is in decaauts)
 A = Elapsed time spent in this place.
 B = Non-inter-level travel time spent in this place.
 C = Inter-level travel time spent in this place.
 D = Time resting spent in this place.
 E = Time spent auto-exploring this place.
 F = Levels seen in this place.
 G = Mean time per level.
                   A        B        C        D        E       F      G
               +--------+--------+--------+--------+--------+-----+--------+
         Total |    155 |    155 |      0 |      0 |    112 |   1 |  155.0 |
       Dungeon |    155 |    155 |      0 |      0 |    112 |   1 |  155.0 |
               +--------+--------+--------+--------+--------+-----+--------+

Top non-repeatable levels by time:
     D:1: 155 daAuts
